 Dungeon Crawl Stone Soup version 0.22-a0-254-gaf95ca0 (webtiles) character file.

42 RoseArtemis the Covered (level 3, -2/33 HPs)
             Began as a Minotaur Fighter on Mar 4, 2018.
             Slain by a gnoll
             ... wielding a +0 spear
              (8 damage)
             ... on level 2 of the Dungeon.
             The game lasted 00:02:37 (1101 turns).

RoseArtemis the Covered (Minotaur Fighter)          Turns: 1101, Time: 00:02:38

Health: -2/33      AC:  7    Str: 26    XL:     3   Next: 33%
Magic:  2/2        EV:  8    Int:  5    God:
Gold:   73         SH: 10    Dex:  9    Spells: 2/2 levels left

rFire    . . .     SeeInvis .   a - +0 flail
rCold    . . .     Gourm    .   c - +0 shield
rNeg     . . .     Faith    .   b - +0 scale mail
rPois    .         Spirit   .   (helmet restricted)
rElec    .         Reflect  .   (no cloak)
rCorr    .         Harm     .   (no gloves)
MR       .....                  (no boots)
Stlth    ..........             (no amulet)
HPRegen  0.11/turn              (no ring)
MPRegen  0.08/turn              (no ring)

@: mighty
A: retaliatory headbutt, horns 2
a: no special abilities


You were on level 2 of the Dungeon.
You were not hungry.

You visited 1 branch of the dungeon, and saw 2 of its levels.

You collected 73 gold pieces.

Inventory:

Hand Weapons
 a - a +0 flail (weapon)
 k - a +2 dagger of venom
Armour
 b - a +0 scale mail (worn)
 c - a +0 shield (worn)
Jewellery
 j - an uncursed amulet of the acrobat {unknown}
Scrolls
 e - a scroll of random uselessness {unknown}
 h - 2 scrolls of identify {unknown}
Potions
 d - 2 potions of might
 i - 2 potions of curing {unknown}
Comestibles
 f - 2 rations
 g - a chunk of flesh


   Skills:
 + Level 3.9 Fighting
 * Level 3.3 Maces & Flails
 + Level 4.0 Armour
 + Level 1.0 Dodging
 + Level 3.9 Shields


You had 2 spell levels left.
You didn't know any spells.

Dungeon Overview and Level Annotations

Branches:
Dungeon (2/15)

Altars:
Ashenzari


Innate Abilities, Weirdness & Mutations

You reflexively headbutt those who attack you in melee.
You have a pair of horns on your head.


Message History

Your base attributes are Str 20, Int 5, Dex 9.
Increase (S)trength, (I)ntelligence, or (D)exterity?
You feel stronger.
The gnoll hits you from afar with a spear.
You block the gnoll's attack.
You barely miss the gnoll. Your headbutt misses the gnoll.
The gnoll is lightly wounded.
The gnoll hits you from afar with a spear.
The gnoll hits you with a whip.
* * * LOW HITPOINT WARNING * * *
The gnoll barely misses you.
You barely miss the gnoll. You headbutt the gnoll!
The gnoll is almost dead.
The gnoll barely misses you. The gnoll misses you.
You block the gnoll's attack.
You bludgeon the gnoll!!
You kill the gnoll!
Your Dodging skill increases to level 1!
The gnoll hits you from afar with a spear!
You die...

#...# ....... . #...#
.####. #. ########...#
#. .. ...........# #.
.#.####.......#.#.####.
........###...#.#......
##.........#.#.####<
##)####.....#.# #.
#@#..........## #.
#.#.##...####.# #.
#g#.##..>#....# #.
#.#.##)#.#....# #.
..#.####......###.
..#.# ###........ ..#.#
#....#### ...#.# #....#
# #.# #....# #


You could see a gnoll.

Vanquished Creatures
  2 gnolls (D:2)
  A leopard gecko (D:1)
  2 giant cockroaches (D:1)
  3 goblins (D:1)
  4 hobgoblins
  2 bats
  2 kobolds
  5 rats
21 creatures vanquished.

Notes
Turn   | Place    | Note
-------+----------+-------------------------------------------
     0 | D:1      | RoseArtemis the Minotaur Fighter began the quest for the Orb.
     0 | D:1      | Reached XP level 1. HP: 19/19 MP: 0/0
   380 | D:1      | Reached XP level 2. HP: 25/27 MP: 1/1
   574 | D:1      | Found a shattered altar of Ashenzari.
  1098 | D:2      | Reached skill level 4 in Armour
  1098 | D:2      | Reached XP level 3. HP: 17/33 MP: 2/2
  1101 | D:2      | Reached skill level 1 in Dodging
  1101 | D:2      | Slain by a gnoll

Vault maps used:
D:1:      lightli_arrival_statuegarden, serial_forest,
          infiniplex_forest_clump_cross, infiniplex_forest_clump_curved,
          infiniplex_forest_lined_corner, infiniplex_forest_clump_small,
          infiniplex_forest_lined_ring, infiniplex_forest_lined_ring,
          infiniplex_forest_end_1, nicolae_ashenzari_panopticon
D:2:      overflow_temple_1_default

Skill      XL: |  1  2  3 |
---------------+----------+-----
Maces & Flails | 3 |  3.3
Armour         | 4 |  4.0
Dodging        | 1 |  1.0
Fighting       | |  3.9
Shields        | |  3.9

Action                   || total
-------------------------++-------
Melee: Flail             ||    46
       Headbutt          ||     6
  Use: Potion            ||     1
  Eat: Chunk             ||     1
Armor: Scale mail        ||    13
Dodge: Dodged            ||    14
Block: Shield            ||    26

Table legend:
 A = Spawn XP
 B = Non-spawn XP
 C = Spawn XP percentage of total XP
 D = Spawn monster count
 E = Non-spawn monster count
 F = Spawn count percentage of total count
 G = Total turns spent on level
                    A         B        C        D         E        F      G
               +---------+---------+-------+---------+---------+-------+---------
         Total |       0 |      60 |   0.0 |       0 |      21 |   0.0 |  1101
               +---------+---------+-------+---------+---------+-------+---------
           D:1 |       0 |      25 |   0.0 |       0 |      15 |   0.0 |   901
           D:2 |       0 |      35 |   0.0 |       0 |       6 |   0.0 |   200
               +---------+---------+-------+---------+---------+-------+---------
